 Dungeon Sprint DCSS version 0.27.1-1-g398f81649c (webtiles) character file.

Game seed: 54226274469099711

1900000 ugugthedestroyer the Conqueror (level 17, -53/191 HPs)
             Began as a Demigod Fighter on Sept 7, 2021.
             Annihilated by a meat berserker (77 damage)
             ... in the Dungeon (Sprint VIII: "Arena of Blood").
             The game lasted 00:01:14 (19 turns).

ugugthedestroyer the Conqueror (Demigod Fighter)      Turns: 19, Time: 00:01:14

Health: -53/191    AC: 13    Str: 37    XL:     17   Next: 30%
Magic:  20/20      EV: 10    Int: 10    God:
Gold:   0          SH:  0    Dex: 13    Spells: 16/16 levels left

rFire    . . .     SeeInvis .   k - +∞ Axe of Woe
rCold    . . .     Faith    .   (shield currently unavailable)
rNeg     . . .     Spirit   .   b - +0 scale mail
rPois    .         Reflect  .   (no helmet)
rElec    .         Harm     .   (no cloak)
rCorr    .         Rampage  .   (no gloves)
Will     +....     NoTele   +   (no boots)
Stlth    ..........             (no amulet)
HPRegen  0.41/turn              (no ring)
MPRegen  0.17/turn              (no ring)

@: no status effects
A: high mp 1, forlorn
a: no special abilities


You were in the Dungeon.
You visited 1 branch

Inventory:

Hand Weapons
 a - a +0 war axe
 k - the +∞ Axe of Woe (weapon)
   (You found it in the Dungeon)
Armour
 b - a +0 scale mail (worn)
 c - a +0 kite shield
Scrolls
 j - a scroll of blinking
Potions
 d - a potion of might
 e - a potion of curing
 f - a potion of heal wounds
 g - a potion of haste
 h - 2 potions of magic
 i - a potion of berserk rage


   Skills:
 O Level 27 Fighting
 + Level 21.9 Axes
 + Level 26.4 Armour
 + Level 26.3 Shields


You had 16 spell levels left.
You didn't know any spells.
Your spell library was empty.

Dungeon Overview and Level Annotations

Branches:
Dungeon (1/1)


Innate Abilities, Weirdness & Mutations

Your attributes grow dramatically as you level up.
You have an increased reservoir of magic. (+10% MP)
You shall have no god before yourself.


Message History

You slice the meat berserker!!
You hew the meat berserker savagely.
You kill the meat berserker!
You hear a shout! x12
Your Fighting skill gained 3 levels and is now at level 26!
Your Axes skill gained 4 levels and is now at level 20!
Your Armour skill gained 3 levels and is now at level 25!
Your Shields skill gained 3 levels and is now at level 25!
You have reached level 16!
Unknown command.
Unknown command.
Unknown command.
You slice the bag of meat!!
You cleave the bag of meat in twain.
You kill the bag of meat!
You hear a shout! x3
A meat berserker comes into view. It is wielding a +9 battleaxe.
You hear a shout! x6
The meat berserker moves out of view.
You hear two shouts!
Your Axes skill increases to level 21!
You have reached level 17!
Unknown command.
Unknown command.
Unknown command.
Unknown command.
You hear a shout! x5
Items here: ))))) ===== †††.
You slice the bag of meat!!
You butcher the bag of meat messily.
You kill the bag of meat!
You hear a shout! x5
You have mastered Fighting!
Your Armour skill increases to level 26!
Your Shields skill increases to level 26!
Unknown command.
Unknown command.
A bag of meat comes into view. It is wielding a +9 war axe.
The bag of meat shouts!
You hear a shout! x5
The bag of meat hits you with a +9 war axe!!
* * * LOW HITPOINT WARNING * * *
The meat berserker hits you with a +9 battleaxe!!!!
You die...

.... .. ... #.
..# #.. ..# .
.###.. ..###..
......###.......
......_).......
#..).)# #_)@O_#
#.o...#
......_.....
......###......
.###.. ..###..
#.. ..# . #o ..#
.. ...


You could see a meat berserker (berserk) and 2 bags of meat.

Vanquished Creatures
  3 ogres (D)
  9 orcs (D)
12 creatures vanquished.

Notes
Turn   | Place    | Note
-------+----------+-------------------------------------------
     0 | D        | Found the +∞ Axe of Woe
     0 | D        | ugugthedestroyer the Demigod Fighter began the quest for
                  | the Orb.
     0 | D        | Reached XP level 1. HP: 18/18 MP: 3/3
     2 | D        | Noticed a bag of meat
     2 | D        | Noticed a bag of meat
     3 | D        | Noticed a meat berserker
     4 | D        | Noticed a bag of meat
     6 | D        | Noticed a bag of meat
     6 | D        | Noticed a bag of meat
     7 | D        | Killed a meat berserker
     7 | D        | Noticed a bag of meat
     7 | D        | Noticed a bag of meat
     8 | D        | Reached skill level 17 in Fighting
     8 | D        | Reached skill level 10 in Axes
     8 | D        | Reached XP level 2. HP: 51/51 MP: 4/4
     8 | D        | Reached XP level 3. HP: 58/58 MP: 5/5
     8 | D        | Reached XP level 4. HP: 66/66 MP: 6/6
     8 | D        | Reached XP level 5. HP: 73/73 MP: 7/7
     8 | D        | Reached XP level 6. HP: 81/81 MP: 8/8
     8 | D        | Reached XP level 7. HP: 88/88 MP: 9/9
     8 | D        | Reached XP level 8. HP: 95/95 MP: 10/10
     8 | D        | Reached XP level 9. HP: 103/103 MP: 11/11
     8 | D        | Reached XP level 10. HP: 111/111 MP: 13/13
     8 | D        | Reached XP level 11. HP: 117/117 MP: 14/14
     8 | D        | Reached XP level 12. HP: 125/125 MP: 15/15
     8 | D        | Killed a bag of meat
     9 | D        | Reached skill level 18 in Fighting
     9 | D        | Reached XP level 13. HP: 117/136 MP: 16/16
     9 | D        | Noticed a meat berserker
     9 | D        | Killed a bag of meat
     9 | D        | Killed a bag of meat
    10 | D        | Reached skill level 20 in Fighting
    10 | D        | Reached XP level 14. HP: 129/149 MP: 17/17
    11 | D        | Reached skill level 21 in Fighting
    11 | D        | Noticed a meat berserker
    12 | D        | Reached skill level 22 in Fighting
    12 | D        | Reached skill level 15 in Axes
    12 | D        | Reached XP level 15. HP: 141/161 MP: 18/18
    13 | D        | Reached skill level 23 in Fighting
    15 | D        | Killed a meat berserker
    15 | D        | Killed a meat berserker
    16 | D        | Reached skill level 26 in Fighting
    16 | D        | Reached XP level 16. HP: 49/180 MP: 19/19
    16 | D        | Noticed a meat berserker
    17 | D        | Reached XP level 17. HP: 52/190 MP: 20/20
    19 | D        | Reached skill level 27 in Fighting
    19 | D        | Annihilated by a meat berserker

Illustrated notes

Levels and vault maps discovered:
D:        meatsprint

Skill      XL: |  1  2  3  4  5  6  7  8  9 10 11 12 13 14 15 16 17 |
---------------+----------------------------------------------------+-----
Fighting       | 17 18 20 22 26 27 | 27.0
Axes           | 10 11 13 15 20 21 | 21.9
Armour         | 16 18 20 21 25 26 | 26.4
Shields        | 16 18 20 21 25 26 | 26.3

Action                   |  1- 3 |  4- 6 |  7- 9 | 10-12 | 13-15 | 16-18 || total
-------------------------+-------+-------+-------+-------+-------+-------++-------
Melee: Executioner's axe |     1 |       |       |     1 |     5 |     2 ||     9
